SAAA
PORT HURON BLITZKRIEG @ PAWNEE PARKSNREC
07/26/2042
 
TOP OF THE 1ST
Port Huron Blitzkrieg batting - Pitching for Pawnee ParksNRec : RHP José Pacheco
Pitching: RHP José Pacheco
Batting: RHB Ricardo Mireles 0-0: Ball
1-0: Called Strike
1-1: Ball
2-1: Ball
3-1: Base on Balls
Batting: RHB Jeff Reed 0-0: Ball
1-0: Fielders Choice at 2nd, 6-4 (Groundball, 6S, EV 79.4 MPH)
Batting: RHB John Wilkerson 0-0: Called Strike
0-1: Ball
1-1: Ball
2-1: Foul Ball, location: 2F
2-2: Fly out, F7 (Flyball, 78M, EV 76.2 MPH)
Batting: SHB Marços Mansilha 0-0: Called Strike
Jeff Reed steals 2nd base
0-1: Foul Ball, location: 2F
0-2: Ground out 6-3 (Groundball, 6, EV 80.6 MPH)
Top of the 1st over - 0 runs, 0 hits, 0 errors, 1 left on base; Port Huron 0 - Pawnee 0
BOTTOM OF THE 1ST
Pawnee ParksNRec batting - Pitching for Port Huron Blitzkrieg : LHP Sergio Gallegos
Pitching: LHP Sergio Gallegos
Batting: RHB Hiroshige Ohashi 0-0: Fly out, F7 (Line Drive, 7, EV 95.0 MPH)
Batting: RHB Igme Padoga 0-0: Called Strike
0-1: Ball
1-1: SINGLE (Groundball, 34D, EV 97.5 MPH)
Batting: RHB Josh Mawdesley 0-0: Ball
1-0: Foul Ball, location: 2F
1-1: Ball
2-1: Called Strike
2-2: Ball
3-2: SINGLE (Flyball, 8RS, EV 90.0 MPH)
Igme Padoga to second
Batting: RHB Elmer Kent 0-0: Ball
1-0: Foul Ball, location: 2F
1-1: Ball
2-1: Ball
3-1: 3-RUN HOME RUN (Flyball, 7LD, EV 92.5 MPH), Distance : 355 ft
Batting: LHB Won-shik Yi 0-0: Foul Ball, location: 2F
0-1: Ball
1-1: Ball
2-1: Ball
3-1: Swinging Strike
3-2: Base on Balls
Batting: RHB Charles Atkinson 0-0: Called Strike
0-1: Single, Error in OF, E7, batter to second base (Groundball, 56D, EV 98.1 MPH)
Won-shik Yi to third
Batting: SHB Jake Pinto 0-0: Ground out 5-3 (Groundball, 56S, EV 88.1 MPH)
Won-shik Yi scores
Batting: RHB Ashton Bailey 0-0: Called Strike
0-1: Ground out 4-3 (Groundball, 4, EV 86.9 MPH)
Bottom of the 1st over - 4 runs, 4 hits, 1 error, 1 left on base; Port Huron 0 - Pawnee 4
TOP OF THE 2ND
Port Huron Blitzkrieg batting - Pitching for Pawnee ParksNRec : RHP José Pacheco
Batting: RHB Chris McBride 0-0: Called Strike
0-1: Foul Ball, location: 2F
0-2: Strikes out swinging
Batting: RHB John Willoughby 0-0: Ball
1-0: Swinging Strike
1-1: Ball
2-1: Swinging Strike
2-2: Foul Ball, location: 2F
2-2: Foul Ball, location: 2F
2-2: Foul Ball, location: 2F
2-2: Strikes out looking
Batting: RHB D'Artagnan Rasberry 0-0: Foul Ball, location: 2F
0-1: Called Strike
0-2: Ground out 4-3 (Groundball, 4, EV 90.0 MPH)
Top of the 2nd over - 0 runs, 0 hits, 0 errors, 0 left on base; Port Huron 0 - Pawnee 4
BOTTOM OF THE 2ND
Pawnee ParksNRec batting - Pitching for Port Huron Blitzkrieg : LHP Sergio Gallegos
Batting: RHB Ken Pittman 0-0: Ball
1-0: Ball
2-0: Ball
3-0: Base on Balls
Batting: RHB Hiroshige Ohashi 0-0: Called Strike
0-1: SINGLE (Groundball, 34, EV 102.5 MPH) (infield hit)
Ken Pittman to second
Batting: RHB Igme Padoga 0-0: Foul Ball, location: 2F
0-1: Called Strike
0-2: Ball
1-2: Ball
2-2: Foul Ball, location: 2F
2-2: Ball
3-2: Base on Balls
Ken Pittman to third
Hiroshige Ohashi to second
Batting: RHB Josh Mawdesley 0-0: Swinging Strike
0-1: Ground out 5-3 (Groundball, 5S, EV 76.2 MPH)
Ken Pittman scores
Hiroshige Ohashi to third
Igme Padoga to second
Batting: RHB Elmer Kent 0-0: Called Strike
0-1: Ball
1-1: Ball
2-1: Ball
3-1: Base on Balls
Batting: LHB Won-shik Yi 0-0: Hit by Pitch
Hiroshige Ohashi scores
Igme Padoga to third
Elmer Kent to second
Pitching: LHP Steve O'Fennaghty
Batting: RHB Charles Atkinson 0-0: Called Strike
0-1: Ball
1-1: Ball
2-1: Ball
3-1: Swinging Strike
3-2: Foul Ball, location: 2F
3-2: Foul Ball, location: 2F
3-2: Base on Balls
Igme Padoga scores
Elmer Kent to third
Won-shik Yi to second
Batting: SHB Jake Pinto 0-0: Ball
1-0: Ball
2-0: Ball
3-0: Called Strike
3-1: SINGLE (Line Drive, 7S, EV 93.8 MPH)
Elmer Kent scores
Won-shik Yi to third
Charles Atkinson to second
Batting: RHB Ashton Bailey 0-0: Ball
1-0: Foul Ball, location: 2F
1-1: SINGLE (Line Drive, 9S, EV 93.1 MPH)
Won-shik Yi scores
Charles Atkinson to third
Jake Pinto to second
Batting: RHB Ken Pittman 0-0: Foul Ball, location: 2F
0-1: Swinging Strike
0-2: Ball
1-2: Ball
2-2: Fly out, F8 (Flyball, 8RM, EV 89.4 MPH)
Runner from 3rd tags up, SCORES, no throw by CF
Batting: RHB Hiroshige Ohashi 0-0: Foul Ball, location: 2F
0-1: Fly out, F7 (Flyball, 78S, EV 95.6 MPH)
Bottom of the 2nd over - 6 runs, 3 hits, 0 errors, 2 left on base; Port Huron 0 - Pawnee 10
TOP OF THE 3RD
Port Huron Blitzkrieg batting - Pitching for Pawnee ParksNRec : RHP José Pacheco
Batting: RHB John Ryan 0-0: Called Strike
0-1: Swinging Strike
0-2: Ball
1-2: Strikes out swinging
Batting: SHB Ben Boston 0-0: Called Strike
0-1: Ball
1-1: Foul Ball, location: 2F
1-2: Ball
2-2: Foul Ball, location: 2F
2-2: Ball
3-2: Ground out 3-1 (Groundball, 34, EV 103.8 MPH)
Batting: RHB Ricardo Mireles 0-0: Ball
1-0: Fly out, F9 (Flyball, 9D, EV 104.4 MPH)
Top of the 3rd over - 0 runs, 0 hits, 0 errors, 0 left on base; Port Huron 0 - Pawnee 10
BOTTOM OF THE 3RD
Pawnee ParksNRec batting - Pitching for Port Huron Blitzkrieg : LHP Steve O'Fennaghty
Batting: RHB Igme Padoga 0-0: Called Strike
0-1: Foul Ball, location: 2F
0-2: Foul Ball, location: 2F
0-2: Ball
1-2: SINGLE (Line Drive, 3D, EV 96.2 MPH)
Batting: RHB Josh Mawdesley 0-0: Ball
1-0: Ball
2-0: Ball
3-0: Base on Balls
Igme Padoga to second
Batting: RHB Elmer Kent 0-0: Swinging Strike
0-1: Ball
1-1: Foul Ball, location: 2F
1-2: Foul Ball, location: 2F
1-2: Strikes out swinging
Batting: LHB Won-shik Yi 0-0: Called Strike
0-1: Foul Ball, location: 2F
0-2: SINGLE (Groundball, 6MD, EV 100.0 MPH)
Igme Padoga to third
Josh Mawdesley to second
Runner from 3rd tries for Home, SAFE, no throw by CF
Batting: RHB Charles Atkinson 0-0: Ball
1-0: Ball
2-0: Ball
3-0: Base on Balls
Josh Mawdesley to third
Won-shik Yi to second
Batting: SHB Jake Pinto 0-0: Ball
1-0: Ball
2-0: Ball
3-0: Called Strike
3-1: Foul Ball, location: 2F
3-2: Strikes out swinging
Batting: RHB Ashton Bailey 0-0: Ball
1-0: SINGLE (Flyball, 9LS, EV 86.9 MPH)
Josh Mawdesley scores
Won-shik Yi to third
Charles Atkinson to second
Runner from 3rd tries for Home, SAFE, throw by RF to home
Batting: RHB Ken Pittman 0-0: Called Strike
0-1: Called Strike
0-2: Ball
1-2: SINGLE (Groundball, 34D, EV 94.4 MPH)
Charles Atkinson to third
Ashton Bailey to second
Runner from 3rd tries for Home, SAFE, no throw by RF
Pitching: RHP Van Lapointe
Batting: RHB Hiroshige Ohashi 0-0: Swinging Strike
0-1: Called Strike
0-2: Ball
1-2: Ball
2-2: Strikes out swinging
Bottom of the 3rd over - 4 runs, 4 hits, 0 errors, 2 left on base; Port Huron 0 - Pawnee 14
TOP OF THE 4TH
Port Huron Blitzkrieg batting - Pitching for Pawnee ParksNRec : RHP José Pacheco
Batting: RHB Jeff Reed 0-0: Called Strike
0-1: Ball
1-1: Called Strike
1-2: Fly out, F7 (Flyball, 7S, EV 97.5 MPH)
Batting: RHB John Wilkerson 0-0: Swinging Strike
0-1: Ball
1-1: Foul Ball, location: 2F
1-2: Ball
2-2: Strikes out swinging, 2-3 out at first.
Batting: SHB Marços Mansilha 0-0: Ball
1-0: Called Strike
1-1: Ball
2-1: Foul Ball, location: 2F
2-2: Ball
3-2: DOUBLE (Line Drive, 5D, EV 96.9 MPH)
Batting: RHB Chris McBride 0-0: Called Strike
0-1: Ball
1-1: Called Strike
1-2: Strikes out looking
Top of the 4th over - 0 runs, 1 hit, 0 errors, 1 left on base; Port Huron 0 - Pawnee 14
BOTTOM OF THE 4TH
Pawnee ParksNRec batting - Pitching for Port Huron Blitzkrieg : RHP Van Lapointe
Batting: RHB Igme Padoga 0-0: Ball
1-0: Swinging Strike
1-1: Ball
2-1: Foul Ball, location: 2F
2-2: Foul Ball, location: 2F
2-2: Ball
3-2: Base on Balls
Batting: RHB Josh Mawdesley 0-0: Ball
1-0: Foul Ball, location: 2F
1-1: Ball
2-1: Called Strike
2-2: Grounds into double play, 5-4-3 (Groundball, 5, EV 80.6 MPH)
Batting: RHB Elmer Kent 0-0: Foul Ball, location: 2F
0-1: Foul Ball, location: 2F
0-2: DOUBLE (Line Drive, 89M, EV 112.5 MPH)
Batting: LHB Won-shik Yi 0-0: Foul Ball, location: 2F
0-1: Ball
1-1: Ball
2-1: Ball
3-1: Fly out, F5 (Popup, 5SF, EV 86.9 MPH)
Bottom of the 4th over - 0 runs, 1 hit, 0 errors, 1 left on base; Port Huron 0 - Pawnee 14
TOP OF THE 5TH
Port Huron Blitzkrieg batting - Pitching for Pawnee ParksNRec : RHP José Pacheco
Batting: RHB John Willoughby 0-0: Ball
1-0: Foul Ball, location: 2F
1-1: Ball
2-1: Ball
3-1: Base on Balls
Batting: RHB D'Artagnan Rasberry 0-0: Ball
1-0: Called Strike
1-1: Ball
2-1: Ball
3-1: Swinging Strike
3-2: Base on Balls
John Willoughby to second
Batting: RHB John Ryan 0-0: Foul Ball, location: 2F
0-1: Fly out, F8 (Flyball, 89M, EV 88.1 MPH)
Batting: SHB Ben Boston 0-0: Swinging Strike
0-1: Swinging Strike
0-2: Strikes out looking
Batting: RHB Ricardo Mireles 0-0: Foul Ball, location: 2F
0-1: Foul Ball, location: 2F
0-2: SINGLE (Line Drive, 34D, EV 100.6 MPH)
John Willoughby to third
D'Artagnan Rasberry to second
Batting: RHB Jeff Reed 0-0: Swinging Strike
0-1: Swinging Strike
0-2: Strikes out looking
Top of the 5th over - 0 runs, 1 hit, 0 errors, 3 left on base; Port Huron 0 - Pawnee 14
BOTTOM OF THE 5TH
Pawnee ParksNRec batting - Pitching for Port Huron Blitzkrieg : RHP Van Lapointe
Batting: RHB Charles Atkinson 0-0: Ball
1-0: Ball
2-0: Ball
3-0: Called Strike
3-1: Base on Balls
Batting: SHB Jake Pinto 0-0: Swinging Strike
0-1: Foul Ball, location: 2F
0-2: Ball
1-2: Fielders Choice at 2nd, 4-6 (Groundball, 4MS, EV 83.8 MPH)
Batting: RHB Ashton Bailey 0-0: Swinging Strike
0-1: Swinging Strike
0-2: Strikes out swinging
Batting: RHB Ken Pittman 0-0: Ball
1-0: Swinging Strike
1-1: Ball
2-1: Ball
3-1: Base on Balls
Jake Pinto to second
Batting: RHB Hiroshige Ohashi 0-0: Foul Ball, location: 2F
0-1: Ball
1-1: Ball
2-1: Ground out 1-3 (Groundball, P, EV 79.4 MPH)
Bottom of the 5th over - 0 runs, 0 hits, 0 errors, 2 left on base; Port Huron 0 - Pawnee 14
TOP OF THE 6TH
Port Huron Blitzkrieg batting - Pitching for Pawnee ParksNRec : RHP José Pacheco
Batting: RHB John Wilkerson 0-0: Ball
1-0: Ball
2-0: Foul Ball, location: 2F
2-1: Swinging Strike
2-2: Ball
3-2: Foul Ball, location: 2F
3-2: Strikes out looking
Batting: SHB Marços Mansilha 0-0: Foul Ball, location: 2F
0-1: Foul Ball, location: 2F
0-2: Fly out, F7 (Flyball, 78S, EV 91.9 MPH)
Pitching: RHP Ronald Wolfe
Batting: RHB Chris McBride 0-0: Called Strike
0-1: Foul Ball, location: 2F
0-2: Ball
1-2: Ball
2-2: Foul Ball, location: 2F
2-2: Fly out, F4 (Popup, 3S, EV 85.0 MPH)
Top of the 6th over - 0 runs, 0 hits, 0 errors, 0 left on base; Port Huron 0 - Pawnee 14
BOTTOM OF THE 6TH
Pawnee ParksNRec batting - Pitching for Port Huron Blitzkrieg : RHP Van Lapointe
Batting: RHB Igme Padoga 0-0: Swinging Strike
0-1: Foul Ball, location: 2F
0-2: Fly out, F5 (Line Drive, 5, EV 63.8 MPH)
Batting: RHB Josh Mawdesley 0-0: Ball
1-0: Foul Ball, location: 2F
1-1: SINGLE (Groundball, 34D, EV 103.1 MPH)
Batting: RHB Elmer Kent 0-0: Called Strike
0-1: Grounds into double play, 5-4-3 (Groundball, 56S, EV 79.4 MPH)
Bottom of the 6th over - 0 runs, 1 hit, 0 errors, 0 left on base; Port Huron 0 - Pawnee 14
TOP OF THE 7TH
Port Huron Blitzkrieg batting - Pitching for Pawnee ParksNRec : RHP Ronald Wolfe
Batting: RHB John Willoughby 0-0: Fly out, F8 (Flyball, 8RM, EV 82.5 MPH)
Batting: RHB D'Artagnan Rasberry 0-0: Ball
1-0: Ball
2-0: Swinging Strike
2-1: Ground out U3 (Groundball, 3, EV 86.9 MPH)
Batting: RHB John Ryan 0-0: Foul Ball, location: 2F
0-1: Ball
1-1: Ball
2-1: Called Strike
2-2: Strikes out looking
Top of the 7th over - 0 runs, 0 hits, 0 errors, 0 left on base; Port Huron 0 - Pawnee 14
BOTTOM OF THE 7TH
Pawnee ParksNRec batting - Pitching for Port Huron Blitzkrieg : RHP Van Lapointe
Batting: LHB Won-shik Yi 0-0: Ball
1-0: Called Strike
1-1: Foul Ball, location: 2F
1-2: Foul Ball, location: 2F
1-2: Fly out, F9 (Flyball, 9, EV 75.0 MPH)
Batting: RHB Charles Atkinson 0-0: Foul Ball, location: 2F
0-1: Ball
1-1: Foul Ball, location: 2F
1-2: Ball
2-2: Fly out, F7 (Flyball, 7D, EV 106.9 MPH)
Batting: SHB Jake Pinto 0-0: Foul Ball, location: 2F
0-1: Swinging Strike
0-2: Strikes out swinging
Bottom of the 7th over - 0 runs, 0 hits, 0 errors, 0 left on base; Port Huron 0 - Pawnee 14
TOP OF THE 8TH
Port Huron Blitzkrieg batting - Pitching for Pawnee ParksNRec : RHP Ronald Wolfe
Batting: SHB Ben Boston 0-0: Ball
1-0: Foul Ball, location: 2F
1-1: Ball
2-1: Ball
3-1: Foul Ball, location: 2F
3-2: Fly out, F9 (Flyball, 89M, EV 83.1 MPH)
Batting: RHB Ricardo Mireles 0-0: Ball
1-0: Called Strike
1-1: SOLO HOME RUN (Flyball, 78XD, EV 110.0 MPH), Distance : 423 ft
Batting: RHB Jeff Reed 0-0: Ball
1-0: Called Strike
1-1: Ball
2-1: Foul Ball, location: 2F
2-2: Fly out, F9 (Flyball, 9D, EV 73.8 MPH)
Batting: RHB John Wilkerson 0-0: Ball
1-0: Swinging Strike
1-1: Called Strike
1-2: Strikes out swinging
Top of the 8th over - 1 run, 1 hit, 0 errors, 0 left on base; Port Huron 1 - Pawnee 14
BOTTOM OF THE 8TH
Pawnee ParksNRec batting - Pitching for Port Huron Blitzkrieg : RHP Van Lapointe
Pinch Hitting: RHB Abel Murphy 0-0: Ball
1-0: SINGLE (Groundball, 4MD, EV 99.4 MPH)
Pitching: RHP Ron Harris
Batting: RHB Ken Pittman 0-0: Ball
1-0: Foul Ball, location: 2F
1-1: Ball
2-1: Ball
3-1: Foul Ball, location: 2F
3-2: Base on Balls
Abel Murphy to second
Batting: RHB Hiroshige Ohashi 0-0: Ball
1-0: Fielders Choice at 2nd, 4-6 (Groundball, 4, EV 80.6 MPH)
Abel Murphy to third
Batting: RHB Igme Padoga 0-0: Foul Ball, location: 2F
0-1: Foul Ball, location: 2F
0-2: Foul Ball, location: 2F
0-2: Ball
1-2: SINGLE (Line Drive, 78M, EV 85.6 MPH)
Abel Murphy scores
Hiroshige Ohashi to second
Pinch Hitting: LHB Ron Lee 0-0: Ball
1-0: Ball
2-0: Called Strike
2-1: Ball
3-1: Base on Balls
Hiroshige Ohashi to third
Igme Padoga to second
Pinch Hitting: RHB Eduardo Sainz 0-0: Ball
Wild Pitch!
Hiroshige Ohashi scores
Igme Padoga to third
Ron Lee to second
1-0: Called Strike
1-1: Ball
2-1: SINGLE (Flyball, 3D, EV 93.8 MPH)
Igme Padoga scores
Ron Lee to third
Runner from 3rd tries for Home, SAFE, no throw by RF
Batting: LHB Won-shik Yi 0-0: Ball
1-0: Ground out 4-3 (Groundball, 4MS, EV 83.1 MPH)
Eduardo Sainz to second
Batting: RHB Charles Atkinson 0-0: Ball
1-0: Fly out, F9 (Flyball, 89S, EV 86.2 MPH)
Bottom of the 8th over - 4 runs, 3 hits, 0 errors, 1 left on base; Port Huron 1 - Pawnee 18
TOP OF THE 9TH
Port Huron Blitzkrieg batting - Pitching for Pawnee ParksNRec : RHP Ronald Wolfe
Now at 1B: Tom Washington
Now at 3B: Abel Murphy
Now in RF: Ron Lee
Batting: SHB Marços Mansilha 0-0: Fly out, F8 (Flyball, 8LM, EV 93.8 MPH)
Batting: RHB Chris McBride 0-0: Ball
1-0: Called Strike
1-1: Foul Ball, location: 2F
1-2: Strikes out swinging
Batting: RHB John Willoughby 0-0: Called Strike
0-1: Fly out, F8 (Line Drive, 8LD, EV 90.6 MPH)
Top of the 9th over - 0 runs, 0 hits, 0 errors, 0 left on base; Port Huron 1 - Pawnee 18
Friday, March 26th, 2021 - OOTP Baseball 20.8 Build 74